 Dungeon Crawl Stone Soup version 0.32-a0-355-ged53ad6fd3 (webtiles) character file.

Game seed: 13585824263395656787

285 Amplified the Ducker (level 6, -6/47 HPs)
             Began as a Demonspawn Wanderer on Feb 18, 2024.
             Mangled by an orc priest
             ... wielding a +0 flail
              (8 damage)
             ... on level 3 of the Dungeon.
             The game lasted 00:04:59 (3207 turns).

Amplified the Ducker (Demonspawn Wanderer)          Turns: 3207, Time: 00:04:59

Health: -6/47      AC:  8    Str: 11    XL:     6   Next: 7%
Magic:  9/9        EV:  6    Int: 11    God:
Gold:   242        SH:  5    Dex: 17    Spells: 6/9 levels left

rFire   . . .        f - +0 flail
rCold   . . .        c - +0 buckler
rNeg    . . .        h - +0 chain mail
rPois   .            (no helmet)
rElec   .            (no cloak)
rCorr   .            (no gloves)
SInv    .            (no boots)
Will    .....        (no amulet) Stlth
                     (no ring)
HPRegen 0.27/turn    (no ring)
MPRegen 0.11/turn

%: no passive effects
@: no status effects
A: powered by death 1, spiny 2, weakness stinger 2
a: Convert to Beogh


You were on level 3 of the Dungeon.
You visited 1 branch of the dungeon, and saw 4 of its levels.

You collected 242 gold pieces.

Inventory:

Hand Weapons
 f - a +0 flail (weapon)
 k - a +0 trident of freezing
Missiles
 a - 2 curare-tipped darts (quivered)
 b - 2 throwing nets
 g - 5 javelins
Armour
 c - a +0 buckler (worn)
 e - a +0 leather armour
 h - a +0 chain mail (worn)
Jewellery
 d - a ring of resist corrosion
 n - a ring of see invisible
Wands
 p - a wand of flame (22)
Scrolls
 i - 2 scrolls of identify
 j - 2 scrolls of vulnerability
 l - a scroll of fog
 m - a scroll of noise


   Skills:
 * Level 3.3 Fighting
 * Level 2.5 Maces & Flails
 - Level 0.1 Polearms
 - Level 0.3 Armour
 - Level 3.6 Dodging
 * Level 3.2 Shields
 - Level 2.0 Spellcasting
 - Level 2.1 Necromancy
 - Level 2.0 Invocations


You had 6 spell levels left.
You knew the following spells:

 Your Spells              Type           Power      Damage    Failure   Level
a - Necrotise             Necr           20%        1d5       99%         1
b - Lesser Beckoning      Tloc           2%         N/A       100%        2

Your spell library contained the following spells:

 Spells                   Type           Power      Damage    Failure   Level
 Cigotuvi's Dreadful Rot  Necr/Alch/Air  4%         N/A       100%        2
 Gell's Gravitas          Tloc           1%         N/A       100%        3
 Teleport Other           Tloc           1%         N/A       100%        3
 Vampiric Draining        Necr           5%         2d6       100%        3
 Ignite Poison            Fire/Alch      1%         N/A       100%        4
 Freezing Cloud           Conj/Ice/Air   0%         6-21      100%        5


Dungeon Overview and Level Annotations

Branches:
Dungeon (4/15)
 Temple: D:4-7

Altars:
Nemelex Xobeh

Annotations:
D:4 1 runed translucent door, Crazy Yiuf, Pargi


Innate Abilities, Weirdness & Mutations

You regenerate a little health from kills.
You are mostly covered in sharp spines.
You have a tail ending in a sharp stinger.


Message History

The orc wizard gestures at you while chanting.
The puff of flame hits you but does no damage.
The orc priest hits you with a +0 flail.
You climb upwards.
There is a stone staircase leading down here.
Unknown command.
Unknown command.
You closely miss the orc priest.
The orc priest mumbles some strange prayers to Beogh against you.
Beogh smites you!
You are too injured to fight recklessly!
You are too injured to fight recklessly!
You are too injured to fight recklessly!
You hit the orc priest.
The orc priest shouts, "Beogh offers mercy even to people such as you.
Join us and be reborn!"
The orc priest is lightly wounded.
The orc priest is struck by your spines.
The orc priest hits you with a +0 flail.
You hit the orc priest.
The orc priest is almost dead.
The orc priest shouts, "The Pantheon deserves no one's loyalty.
Let us show you the true path!"
The orc priest looks satisfied for a moment.
The orc priest invokes the aid of Beogh against you.
Beogh smites you!
* * * LOW HITPOINT WARNING * * *
You aren't carrying any potions.
Unknown command.
Okay, then.
You hit the orc priest but do no damage.
The orc priest threatens, "Beogh's wrath is as vast as their mercy.
Make your choice!"
The orc priest is almost dead.
The orc priest threatens, "Beogh's wrath is as vast as their mercy.
Make your choice!"
The orc priest hits you with a +0 flail.
* * * LOW HITPOINT WARNING * * *
Unknown command.
You barely miss the orc priest.
The orc priest is almost dead.
The orc priest shouts, "Beogh offers mercy even to people such as you.
Join us and be reborn!"
The orc priest hits you with a +0 flail!
You die...

....#######....#..#####..###..###
#.#.#.....#.#####................
.##.###.###.# ##...######..##..
..#...#.#...# #...# #..##.#
.####.#.#..## #..#######......
...##.......# #.##.....#.##.##
.#.#######.#########...(#.#.##.##
...###.#[........o##......#......
.#....#.........@.###....†...#.##
...###.....##.....##......##...##
...# #.....##.######.....###..###
...# #...†###.# #.##....# #.<# #
#### #....###.## #..###### #..# #
#.[.......###...# #..### ####
#..#.#.##.##....# #.....
...###(.#............# #.....
#...##....#########..########..##


You could see an orc priest.

Vanquished Creatures
  An ogre (D:3)
  A gnoll (D:1)
  6 adders
  2 ufetubi (D:2)
  6 orcs
  5 bats
  8 endoplasms
  A giant cockroach (D:3)
  8 goblins
  7 hobgoblins
  3 jackals (D:3)
  3 quokkas
  8 ball pythons
  4 frilled lizards
  5 kobolds
  4 rats
72 creatures vanquished.

Notes
Turn   | Place    | Note
-------+----------+-------------------------------------------
     0 | D:1      | Amplified the Demonspawn Wanderer began the quest for the
                  | Orb.
     0 | D:1      | Amplified set off with the following items: a +0 dagger, 2
                  | throwing nets, a +0 buckler, a potion of haste, a +0
                  | leather armour; and the following spell memorised:
                  | Necrotise; and the following spells available to memorise:
                  | Vampiric Draining.
     0 | D:1      | Reached XP level 1. HP: 13/13 MP: 3/3
   164 | D:1      | Gained mutation: You have a small tail. [demonic ancestry]
   164 | D:1      | Reached XP level 2. HP: 16/20 MP: 5/5
   204 | D:1      | Reached skill level 1 in Fighting
   350 | D:1      | HP: 1/21 [gnoll/+0 club (4)]
   690 | D:2      | Learned a level 2 spell: Lesser Beckoning
   829 | D:2      | Gained mutation: You regenerate a little health from kills.
                  | [demonic ancestry]
   829 | D:2      | Reached XP level 3. HP: 26/26 MP: 6/6
  1443 | D:2      | Reached skill level 1 in Maces & Flails
  1542 | D:1      | Gained mutation: You have a tail ending in a sharp stinger.
                  | [demonic ancestry]
  1542 | D:1      | Reached XP level 4. HP: 26/33 MP: 7/7
  1697 | D:1      | Found a faded altar of an unknown god.
  2298 | D:3      | Gained mutation: You are partially covered in sharp spines.
                  | [demonic ancestry]
  2298 | D:3      | Reached XP level 5. HP: 33/39 MP: 8/8
  2336 | D:3      | Found a sparkling altar of Nemelex Xobeh.
  2892 | D:3      | Noticed an ogre
  2901 | D:3      | Killed an ogre
  2990 | D:4      | Gained mutation: You are mostly covered in sharp spines.
                  | [demonic ancestry]
  2990 | D:4      | Reached XP level 6. HP: 47/47 MP: 9/9
  3021 | D:4      | Found a runed translucent door.
  3022 | D:4      | Noticed Crazy Yiuf
  3093 | D:4      | Noticed Pargi
  3206 | D:3      | HP: 2/47 [orc priest/+0 flail (3)]
  3207 | D:3      | Mangled by an orc priest

Illustrated notes

Levels and vault maps discovered:
D:1:      tekkud_arrival_beachfront_property, layout_loops_ring,
          shapermc_ecumenical_altar_mp_highgroup
D:2:      layout_basic
D:3:      layout_loops_cross, mainiacjoe_overflow_small_starburst,
          grunt_decor_cap, nicolae_concentric_dashed_squares_mild, minivault_27,
          grunt_ministairs_15, st_stairs_12, kennysheep_nub, minmay_checkerbox
D:4:      layout_basic, nicolae_uskayaw_suspiria,
          grunt_dithmenos_smoke_and_mirrors, minmay_temple_entry_wispy,
          uniq_crazy_yiuf_cottage, uniq_pargi

Skill      XL: |  1  2  3  4  5 |
---------------+----------------+-----
Fighting       | 1 2 3 |  3.3
Invocations    | 2 |  2.0
Shields        | 2 3 |  3.2
Maces & Flails | 1 2 |  2.5
Polearms       | |  0.1
Armour         | |  0.3
Dodging        | |  3.6
Spellcasting   | |  2.0
Necromancy     | |  2.1

Action                     |  1- 3 |  4- 6 || total
---------------------------+-------+-------++-------
  Melee: Dagger            |    58 |       ||    58
         Whip              |    32 |       ||    32
         Tailslap          |    13 |    11 ||    24
         Flail             |    29 |   103 ||   132
         Trident           |       |    12 ||    12
  Throw: Throwing net      |     2 |       ||     2
         Dart              |     3 |     2 ||     5
    Use: Potion            |     6 |     2 ||     8
         Scroll            |     2 |     2 ||     4
 Armour: Leather armour    |    10 |       ||    10
         Chain mail        |   174 |   107 ||   281
  Dodge: Dodged            |    68 |    49 ||   117
  Block: Buckler           |    60 |    31 ||    91

Table legend: (Time is in decaauts)
 A = Elapsed time spent in this place.
 B = Non-inter-level travel time spent in this place.
 C = Inter-level travel time spent in this place.
 D = Time resting spent in this place.
 E = Time spent auto-exploring this place.
 F = Levels seen in this place.
 G = Mean time per level.
                   A        B        C        D        E       F      G
               +--------+--------+--------+--------+--------+-----+--------+
         Total |   3252 |   3081 |    171 |    351 |   2072 |   4 |  813.0 |
       Dungeon |   3252 |   3081 |    171 |    351 |   2072 |   4 |  813.0 |
               +--------+--------+--------+--------+--------+-----+--------+

Top non-repeatable levels by time:
     D:2: 1183 daAuts
     D:1: 979 daAuts
     D:3: 935 daAuts
     D:4: 154 daAuts
